 Dungeon Crawl Stone Soup version 0.31-a0-366-ga77b45bd9b (webtiles) character file.

Game seed: 6200531379018044461

2697 M4edhros the Martial Artist (level 9, -1/53 HPs)
             Began as an Octopode Artificer on July 28, 2023.
             Was a Follower of Cheibriados.
             Slain by an orc
             ... wielding a +2 vampiric whip
              (3 damage)
             ... on level 8 of the Dungeon.
             The game lasted 00:06:23 (7297 turns).

M4edhros the Martial Artist (Octopode Artificer)    Turns: 7297, Time: 00:06:23

Health: -1/53      AC:  2    Str: 22      XL:     9   Next: 65%
Magic:  0/9        EV: 13    Int: 15      God:    Cheibriados [*.....]
Gold:   522        SH:  0    Dex: 17 (19) Spells: 8/8 levels left

rFire   . .          .
                       - Unarmed
rCold   . . .        (no shield)
rNeg    . . .        e - +1 hat
rPois   +            y - amulet of the Suburbs {Spirit Str+3}
rElec   .            v - ring of poison resistance
rCorr   .            B - +6 ring of strength
SInv    .            (no ring)
Will    .....        (no ring)
Stlth   +++          (no ring)
HPRegen 0.28/turn    (no ring)
MPRegen 0.11/turn    (no ring)
                     (no ring)

%: guardian spirit
@: very slow
A: almost no armour, amphibious, 8 rings, camouflage 1, gelatinous body 1,
(nimble swimmer 1), tentacles
a: Renounce Religion, Bend Time


You were on level 8 of the Dungeon.
You worshipped Cheibriados.
Cheibriados was aware of your devotion.
You visited 2 branches of the dungeon, and saw 9 of its levels.

You collected 522 gold pieces.

Inventory:

Missiles
 i - a throwing net
Armour
 e - a +1 hat (worn)
Jewellery
 v - a ring of poison resistance (left tentacle)
 y - the amulet of the Suburbs (around mantle) {Spirit Str+3}
   (You found it on level 3 of the Dungeon)

   [amulet of guardian spirit]

   It causes incoming damage to be divided between your reserves of health and
   magic.
   Str:       It affects your strength (+3).
 B - a +6 ring of strength (right tentacle)
Wands
 b - a wand of flame (23) (quivered)
 c - a wand of charming (5)
 d - a wand of iceblast (1)
 G - a wand of digging (3)
Scrolls
 a - 2 scrolls of enchant armour {unknown}
 f - 5 scrolls of teleportation {unknown}
 g - 2 scrolls of vulnerability {unknown}
 h - a scroll of butterflies {unknown}
 k - 9 scrolls of identify {unknown}
 l - 2 scrolls of blinking {unknown}
 n - 2 scrolls of enchant weapon {unknown}
 p - 3 scrolls of fog {unknown}
 r - 3 scrolls of immolation {unknown}
 u - a scroll of silence {unknown}
 x - a scroll of fear {unknown}
 F - 5 scrolls of revelation {unknown}
 H - a scroll of acquirement {unknown}
 I - a scroll of torment {unknown}
Potions
 j - a potion of resistance {unknown}
 m - a potion of degeneration {unknown}
 o - a potion of berserk rage {unknown}
 q - a potion of cancellation {unknown}
 s - 3 potions of mutation {unknown}
 t - a potion of attraction {unknown}
 w - 5 potions of haste {unknown}
 z - 2 potions of curing {unknown}
 A - 4 potions of heal wounds {unknown}
 C - a potion of might {unknown}
 D - a potion of lignification {unknown}
 E - a potion of enlightenment {unknown}
 J - a potion of invisibility {unknown}


   Skills:
 - Level 1.0 Fighting
 - Level 2.3 Dodging
 - Level 1.3 Stealth
 + Level 12.7 Unarmed Combat
 - Level 3.2 Evocations


You had 8 spell levels left.
You didn't know any spells.
Your spell library contained the following spells:

 Spells                   Type           Power      Damage    Failure   Level
 Frozen Ramparts          Ice            0%         1d1       63%         3
 Vhi's Electric Charge    Tloc/Air       0%         N/A       63%         3
 Petrify                  Tmut/Erth      0%         N/A       95%         4
 Arcjolt                  Conj/Air       0%         1d10      100%        5
 Metabolic Englaciation   Hex/Ice        0%         N/A       100%        5
 Maxwell's Capacitive Co  Air            0%         ∞         100%        8


Dungeon Overview and Level Annotations

Branches:
Dungeon (8/15)             Temple (1/1) D:5
   Lair: D:8-11

Altars:
Ashenzari
Cheibriados
Dithmenos
Elyvilon
Gozag
Hepliaklqana
Kikubaaqudgha
Makhleb
Nemelex Xobeh
Qazlal
Ru
Sif Muna
Uskayaw
Vehumet
Wu Jian
Xom
Yredelemnul
Zin
The Shining One

Shops:
D:4 (


Innate Abilities, Weirdness & Mutations

You cannot wear most types of armour.
You are amphibious.
You can wear up to eight rings at the same time.
Your skin changes colour to match your surroundings (Stealth+).
Your rubbery body absorbs attacks. (AC +1, EV +1)
((You are camouflaged when in or above water. (Stealth+)))
You have tentacles for arms and can constrict up to eight enemies at once.


Message History

The orc wizard hits you with a +0 dagger.
The orc hits you with a +0 hand axe.
You barely miss the orc priest.
The orc shouts!
You grab the orc priest.
You squeeze the orc priest, but do no damage.
You constrict the orc priest, but do no damage.
Unknown command.
You closely miss the orc wizard. Your grab misses the orc wizard.
You constrict the orc priest. The orc priest barely misses you.
The orc barely misses you. The orc hits you with a +0 hand axe.
The orc wizard closely misses you.
Unknown command.
You barely miss the orc wizard. Your grab misses the orc wizard.
Your squeeze misses the orc wizard. You constrict the orc priest.
The orc priest misses you. The orc hits you but does no damage.
The orc hits you with a +2 vampiric whip.
The orc hits you with a +0 hand axe. The orc wizard barely misses you.
Unknown command.
You closely miss the orc wizard. Your grab misses the orc wizard.
You constrict the orc priest. The orc priest barely misses you.
The orc hits you with a +0 dagger.
The orc hits you with a +2 vampiric whip!
* * * LOW HITPOINT WARNING * * *
The orc hits you with a +0 hand axe.
* * * LOW HITPOINT WARNING * * *
The orc wizard completely misses you.
Unknown command.
Okay, then.
Aiming: Charm
Press: ? - help, Shift-Dir - straight line, f - orc wizard
Aim: an orc wizard, wielding a +0 dagger and wearing a +0 robe (chance to affect: 57%)
The orc wizard resists with significant effort.
You constrict the orc priest.
The orc priest hits you with a +0 trident.
* * * LOW HITPOINT WARNING * * *
The orc hits you with a +0 dagger.
* * * LOW HITPOINT WARNING * * *
The orc hits you with a +2 vampiric whip.
You die...

#.....# ##.#
#......#
#.##
#.....##
##.# ###
#.###..#
#..#...#
##.....#
###.....##
##.o.o.<.#
#..o@...##
#..oo...#
#........#
#......#.#
#..)....#..#
#......###.#
#.....## ..
#....# ..


You could see an orc priest, an orc wizard and 3 orcs.

Vanquished Creatures
  Prince Ribbit (D:7)
  Sigmund (D:6)
  A steam dragon (D:7)
  A water moccasin (D:7)
  A sky beast (D:6)
  A black bear (D:6)
  An orc warrior (D:8)
  An ogre (D:6)
  A centaur (D:7)
  3 phantoms
  5 bullfrogs
  2 scorpions
  5 wights (D:7)
  4 hounds
  A jelly (D:6)
  A gnoll bouda (D:7)
  2 orc priests (D:4)
  4 iguanas
  4 orc wizards
  A statue (D:7)
  8 gnolls
  9 adders
  2 ufetubi
  18 orcs
  8 ball pythons
  4 endoplasms
  3 giant cockroaches
  9 goblins
  5 hobgoblins
  2 quokkas
  6 bats
  3 frilled lizards
  11 kobolds
  4 rats
133 creatures vanquished.

Vanquished Creatures (collateral kills)
  2 orcs (D:4)
  A frilled lizard (D:2)
  A rat (D:2)
4 creatures vanquished.

Vanquished Creatures (others)
  A centaur (D:7)
1 creature vanquished.

Grand Total: 138 creatures vanquished

Notes
Turn   | Place    | Note
-------+----------+-------------------------------------------
     0 | D:1      | M4edhros the Octopode Artificer began the quest for the
                  | Orb.
     0 | D:1      | Reached XP level 1. HP: 13/13 MP: 1/1
   109 | D:1      | Reached skill level 1 in Unarmed Combat
   115 | D:1      | Reached XP level 2. HP: 16/18 MP: 2/2
   286 | D:1      | Reached skill level 2 in Unarmed Combat
   629 | D:1      | Reached XP level 3. HP: 23/23 MP: 3/3
   917 | D:2      | Reached skill level 3 in Unarmed Combat
  1278 | D:2      | Reached XP level 4. HP: 28/28 MP: 4/4
  1282 | D:2      | Reached skill level 4 in Unarmed Combat
  1501 | D:2      | Reached XP level 5. HP: 20/33 MP: 5/5
  1862 | D:3      | Found a shimmering blue altar of Sif Muna.
  1909 | D:3      | Found a glowing golden altar of the Shining One.
  2012 | D:3      | Found a glowing silver altar of Zin.
  2449 | D:3      | Identified the amulet of the Suburbs {Spirit Str+3}
  2769 | D:4      | Reached skill level 5 in Unarmed Combat
  2779 | D:4      | Reached XP level 6. HP: 33/38 MP: 6/6
  2868 | D:4      | Reached skill level 6 in Unarmed Combat
  3161 | D:4      | Found Yrupn's Antique Weapon Emporium.
  3245 | D:4      | Reached XP level 7. HP: 29/43 MP: 7/7
  3509 | D:4      | Found a stormy altar of Qazlal.
  3515 | D:4      | Found a sacrificial altar of Ru.
  3769 | D:4      | Reached skill level 7 in Unarmed Combat
  3799 | D:5      | Entered Level 5 of the Dungeon
  4252 | D:5      | Found a staircase to the Ecumenical Temple.
  4390 | D:5      | Found an ornate altar of the Wu Jian Council.
  4494 | D:5      | Reached skill level 8 in Unarmed Combat
  4677 | D:6      | Noticed Sigmund
  4769 | Temple   | Entered the Ecumenical Temple
  4791 | Temple   | Became a worshipper of Xom of Chaos
  4913 | D:6      | Killed Sigmund
  4914 | D:6      | Reached skill level 9 in Unarmed Combat
  4914 | D:6      | Reached XP level 8. HP: 28/48 MP: 5/8
  5200 | D:6      | Found a basalt altar of Yredelemnul.
  5239 | D:6      | XOM: silly message
  5251 | D:6      | Reached skill level 10 in Unarmed Combat
  5564 | D:7      | Found a snail-covered altar of Cheibriados.
  5585 | D:7      | Fell from the grace of Xom
  5585 | D:7      | Became a worshipper of Cheibriados the Contemplative
  5829 | D:7      | Found a broken altar of Ashenzari.
  5830 | D:7      | Noticed Prince Ribbit
  5835 | D:7      | Killed Prince Ribbit
  5836 | D:7      | Reached skill level 11 in Unarmed Combat
  5836 | D:7      | Reached XP level 9. HP: 13/53 MP: 2/9
  5857 | D:7      | XOM: noise
  6031 | D:7      | Reached skill level 12 in Unarmed Combat
  6226 | D:7      | Found a radiant altar of Vehumet.
  6278 | D:7      | XOM: summons 1 hostile demon
  6404 | D:7      | Reached * piety under Cheibriados
  6433 | D:7      | XOM: summons 7 hostile demons
  6890 | D:7      | XOM: stat loss: -2 Dex (17/19)
  7297 | D:8      | HP: 2/53 [orc/+0 dagger (1)]
  7297 | D:8      | Slain by an orc

Illustrated notes

Levels and vault maps discovered:
D:1:      lemuel_arrival_muddy, layout_basic
D:2:      layout_basic, serial_forest, infiniplex_forest_clump_small,
          infiniplex_forest_pool, infiniplex_forest_lined_room_,
          infiniplex_forest_straight_3, infiniplex_forest_straight_4,
          infiniplex_forest_lined_4_way
D:3:      layout_basic, zin_academy, mainiacjoe_overflow_concentric_impassable,
          tso_altar, chequers_serial_rivers_micro_d, hex_intersection
D:4:      nicolae_cairo_tiling_large, layout_cave_pods,
          nicolae_overflow_crystal_walls, mainiacjoe_overflow_alcove_4,
          serial_shops, shop
D:5:      layout_basic, mainiacjoe_overflow_surrounded_room, temple_statues
D:6:      layout_basic, mainiacjoe_overflow_boulevard, nrook_mini_vaults,
          serial_bayou_lagoon_a, serial_bayou_pond_d, uniq_sigmund
D:7:      layout_loops_ring, lemuel_doored_altar, vehumet_statue,
          cheibrodos_ashenzari_chains, uniq_prince_ribbit1
D:8:      layout_cave_pods
Temple:   hellmonk_temple_forest_ring

Skill      XL: |  1  2  3  4  5  6  7  8  9 |
---------------+----------------------------+-----
Unarmed Combat | 1 2 3 4 5 6 9 11 12 | 12.7
Fighting       | |  1.0
Dodging        | |  2.3
Stealth        | |  1.3
Evocations     | |  3.2

Action                     |  1- 3 |  4- 6 |  7- 9 || total
---------------------------+-------+-------+-------++-------
  Melee: Unarmed           |    70 |    87 |   183 ||   340
         Tentacles         |    13 |    16 |    43 ||    72
         Constrict         |    16 |    21 |    38 ||    75
         Punch             |     1 |     5 |    14 ||    20
  Evoke: Wand              |     1 |    10 |     5 ||    16
   Stab: Sleeping          |     6 |     6 |     7 ||    19
 Armour: Skin              |    11 |     7 |    17 ||    35
  Dodge: Dodged            |    47 |    43 |   130 ||   220

Table legend: (Time is in decaauts)
 A = Elapsed time spent in this place.
 B = Non-inter-level travel time spent in this place.
 C = Inter-level travel time spent in this place.
 D = Time resting spent in this place.
 E = Time spent auto-exploring this place.
 F = Levels seen in this place.
 G = Mean time per level.
                   A        B        C        D        E       F      G
               +--------+--------+--------+--------+--------+-----+--------+
         Total |   7520 |   7252 |    268 |    114 |   6094 |   9 |  835.6 |
       Dungeon |   7480 |   7230 |    250 |    114 |   6094 |   8 |  935.0 |
        Temple |     40 |     22 |     18 |      0 |      0 |   1 |   40.0 |
               +--------+--------+--------+--------+--------+-----+--------+

Top non-repeatable levels by time:
     D:7: 1572 daAuts
     D:4: 1222 daAuts
     D:2: 1032 daAuts
     D:5: 964 daAuts
     D:1: 824 daAuts
     D:6: 718 daAuts
     D:3: 705 daAuts
     D:8: 438 daAuts
  Temple: 40 daAuts
